 Dungeon Crawl Stone Soup version 0.18-a0-846-g91b95b1 (webtiles) character file.

4574 4thArraOfDagon the Cleaver (level 10, -3/91 HPs)
             Began as a Minotaur Fighter on Dec 20, 2015.
             Was a Priest of Trog.
             Slain by a centaur (7 damage)
             ... on level 12 of the Dungeon.
             The game lasted 00:11:57 (2150 turns).

4thArraOfDagon the Cleaver (Minotaur Fighter)       Turns: 2150, Time: 00:11:57

Health: -3/91      AC: 10    Str: 26    XL:     10   Next: 18%
Magic:  9/9        EV: 12    Int:  8    God:    Trog [***...]
Gold:   220        SH: 10    Dex: 18    Spells: 0 memorised, 9 levels left

rFire  . . .     SeeInvis .     y - +2 hand axe (flame)
rCold  . . .     Gourm    .     b - +0 scale mail
rNeg   . . .     Faith    .     c - +0 shield
rPois  .         Spirit   .     (helmet restricted)
rElec  .         Dismiss  .     q - +0 cloak
rCorr  .         Reflect  .     (no gloves)
SustAt .         Harm     .     (no boots)
MR     ++...     Rnd*Rage +     (no amulet)
Stlth  ..........               r - +3 ring of dexterity
                                o - ring of loudness (curse)

@: mighty, agile, regenerating, very resistant to hostile enchantments,
extremely unstealthy
A: retaliatory headbutt, horns 2, berserk 1, screaming 1, wild magic 1
a: Berserk, Trog's Hand, Burn Spellbooks, Renounce Religion


You were on level 12 of the Dungeon.
You worshipped Trog.
Trog was most pleased with you.
You were not hungry.

You visited 1 branch of the dungeon, and saw 12 of its levels.

You collected 220 gold pieces.

Inventory:

Hand Weapons
 a - a +0 war axe
 y - a +2 hand axe of flaming (weapon)
 E - a +0 blowgun
Missiles
 G - 14 poisoned needles
Armour
 b - a +0 scale mail (worn)
 c - a +0 shield (worn)
 q - a +0 cloak (worn)
Jewellery
 k - an uncursed ring of fire
 o - a cursed ring of loudness (left hand)
 r - a +3 ring of dexterity (right hand)
Wands
 D - a wand of disintegration (11/24)
Scrolls
 d - a scroll of blinking {unknown}
 e - a scroll of fear {unknown}
 g - 2 scrolls of enchant weapon {unknown}
 h - 2 scrolls of remove curse {unknown}
 i - a scroll of identify
 m - a scroll of summoning
 n - a scroll of magic mapping
 x - a scroll of noise {unknown}
 z - a scroll of recharging {unknown}
Potions
 l - a potion of cure mutation
 t - a potion of berserk rage
 u - a potion of agility
 B - a potion of curing
 F - a potion of degeneration {unknown}
Books
 p - a book of Transfigurations

   Spells                             Type                      Level
   a - Stoneskin                      Transmutation/Earth          2
   b - Irradiate                      Conjuration/Transmutation    5
   c - Statue Form                    Transmutation/Earth          6
   d - Hydra Form                     Transmutation                6
   e - Dragon Form                    Transmutation                7
   Trog disapproves of the use of such an item.
 v - a book of the Tempests

   Spells                             Type                      Level
   a - Static Discharge               Conjuration/Air              3
   b - Lightning Bolt                 Conjuration/Air              5
   c - Fireball                       Conjuration/Fire             5
   d - Tornado                        Air                          9
   e - Shatter                        Earth                        9
   Trog disapproves of the use of such an item.
 w - a book of Dreams

   Spells                             Type                      Level
   a - Ensorcelled Hibernation        Hexes/Ice                    2
   b - Phase Shift                    Translocation                5
   c - Shadow Creatures               Summoning                    5
   d - Silence                        Hexes/Air                    5
   e - Darkness                       Hexes                        6
   f - Mass Confusion                 Hexes                        6
   Trog disapproves of the use of such an item.
Comestibles
 f - 4 bread rations
 j - a beef jerky
 A - 2 fruits
 C - 5 chunks of flesh


   Skills:
 + Level 9.5 Fighting
 * Level 12.4 Axes
 + Level 9.8 Armour
 - Level 3.6 Shields


You had 9 spell levels left.
You didn't know any spells.

Dungeon Overview and Level Annotations

Branches:
Dungeon (12/15)            Temple (0/1) D:5            Lair (0/8) D:9
    Orc: D:9-12

Altars:
Ru
Trog
The Shining One

Annotations:
D:3 4thArraOfDagon's ghost, amateur DsBe
D:9 Erica
D:12 Kirke


Innate Abilities, Weirdness & Mutations

You reflexively headbutt those who attack you in melee.
You have a pair of horns on your head.
You tend to lose your temper in combat.
You occasionally shout uncontrollably at your foes.
Your spells are a little harder to cast, but a little more powerful.


Message History

The arrow hits you.
* * * LOW HITPOINT WARNING * * *
The centaur shoots an arrow.
You block the arrow.
Unknown command.
Drink which item? (? for menu, Esc to quit)
Okay, then.
Unknown command.
The centaur shoots an arrow.
The arrow hits you!
* * * LOW HITPOINT WARNING * * *
You see here an arrow.
Unknown command.
Unknown command.
Unknown command.
Unknown command.
You feel the effects of Trog's Hand fading.
The centaur completely misses you. You furiously retaliate!
You headbutt the centaur!
The centaur unwields an uncursed shortbow.
The centaur hits you!
You die...

#.....>..†...............
#......(......######.#.##
#.#........#### #.#.#
#........# ..#.#
#((...c..# ##.#.#
#..(.c...# ... #...(cch.#
#.# #...hcc..###..
#.....@.......
#........###.# #.[......#
#......(.# ##########


You could see 2 hogs and 6 centaurs.

Vanquished Creatures
  A hill giant (D:10)
  A griffon (D:8)
  A two-headed ogre (D:8)
  Prince Ribbit (D:9)
  A troll (D:10)
  A hog (D:12)
  A shadow (D:8)
  A hungry ghost (D:10)
  2 hippogriffs (D:8)
  Duvessa (D:6)
  An ice beast (D:8)
  An ogre (D:10)
  3 centaurs
  A phantom (D:8)
  A crocodile (D:9)
  2 giant frogs
  A wyvern zombie (D:9)
  4 big kobolds
  Dowan (D:6)
  A scorpion (D:9)
  11 killer bees
  2 crimson imps
  A jelly (D:11)
  A centaur zombie (D:9)
  A centaur skeleton (D:5)
  3 hounds (D:9)
  2 orc priests (D:9)
  A giant frog skeleton (D:6)
  An iguana (D:8)
  An orc wizard (D:9)
  4 worker ants
  A hound zombie (D:5)
  A hound skeleton (D:9)
  Robin (D:3)
  6 adders
  A shadow imp (D:8)
  An adder zombie (D:8)
  2 adder skeletons
  19 orcs
  A ball python (D:8)
  4 hobgoblins
  3 jackals (D:3)
  A quokka (D:8)
  A giant gecko skeleton (D:4)
  A giant gecko zombie (D:5)
  12 goblins
  6 kobolds
  2 rats (D:3)
118 creatures vanquished.

Notes
Turn   | Place    | Note
--------------------------------------------------------------
     0 | D:1      | 4thArraOfDagon the Minotaur Fighter began the quest for the Orb.
     0 | D:1      | Reached XP level 1. HP: 19/19 MP: 0/0
    70 | D:2      | Reached XP level 2. HP: 25/27 MP: 1/1
   102 | D:2      | Found a bloodstained altar of Trog.
   112 | D:2      | Became a worshipper of Trog the Wrathful
   224 | D:3      | Reached XP level 3. HP: 26/33 MP: 2/2
   227 | D:3      | Noticed Robin
   233 | D:3      | Reached skill level 4 in Armour
   234 | D:3      | Killed Robin
   237 | D:3      | Reached * piety under Trog
   255 | D:3      | Noticed 4thArraOfDagon's ghost (amateur DsBe)
   262 | D:3      | Gained mutation: You tend to lose your temper in combat. [potion of mutation]
   262 | D:3      | Gained mutation: You occasionally shout uncontrollably at your foes. [potion of mutation]
   262 | D:3      | Gained mutation: Your spells are a little harder to cast, but a little more powerful. [potion of mutation]
   291 | D:5      | Entered Level 5 of the Dungeon
   311 | D:5      | Reached XP level 4. HP: 23/40 MP: 3/3
   392 | D:4      | Found a glowing golden altar of the Shining One.
   408 | D:5      | Found a staircase to the Ecumenical Temple.
   412 | D:5      | Reached XP level 5. HP: 32/47 MP: 4/4
   423 | D:6      | Reached skill level 5 in Axes
   473 | D:6      | Noticed Dowan
   474 | D:6      | Noticed Duvessa
   482 | D:6      | Killed Duvessa
   482 | D:6      | Reached skill level 5 in Armour
   482 | D:6      | Reached XP level 6. HP: 43/55 MP: 5/5
   486 | D:6      | Killed Dowan
   486 | D:6      | Reached skill level 5 in Fighting
   534 | D:6      | Reached skill level 6 in Axes
   614 | D:7      | Reached XP level 7. HP: 61/61 MP: 6/6
   755 | D:8      | Reached skill level 7 in Axes
   842 | D:9      | Reached ** piety under Trog
   926 | D:9      | Found a sacrificial altar of Ru.
   933 | D:9      | Reached skill level 8 in Axes
   936 | D:9      | Reached XP level 8. HP: 65/71 MP: 7/7
  1082 | D:9      | Noticed Erica
  1156 | D:8      | Noticed a two-headed ogre
  1178 | D:8      | Killed a two-headed ogre
  1180 | D:8      | Reached skill level 9 in Axes
  1237 | D:8      | Noticed a griffon
  1242 | D:8      | Killed a griffon
  1242 | D:8      | Reached skill level 10 in Axes
  1242 | D:8      | Reached XP level 9. HP: 80/80 MP: 8/8
  1464 | D:9      | Noticed Prince Ribbit
  1475 | D:9      | Found a staircase to the Lair.
  1492 | D:9      | Reached skill level 11 in Axes
  1494 | D:9      | Killed Prince Ribbit
  1498 | D:9      | Noticed an elephant
  1501 | D:10     | Entered Level 10 of the Dungeon
  1925 | D:10     | Noticed a hill giant
  1933 | D:10     | Killed a hill giant
  1933 | D:10     | Reached skill level 12 in Axes
  1933 | D:10     | Reached XP level 10. HP: 91/91 MP: 9/9
  2033 | D:11     | Reached *** piety under Trog
  2137 | D:12     | Noticed Kirke
  2149 | D:12     | HP: 3/91 [centaur/arrow (10)]
  2150 | D:12     | Slain by a centaur

Vault maps used:
D:1:      dpeg_arrival_tiny_a
D:2:      nemelex_deck, first_bread, trog_three_pillars_becter
D:3:      marbit_many_paths, uniq_robin, uniq_natasha
D:4:      lemuel_round_altar, grunt_dithmenos_smoke_and_mirrors,
          grunt_gozag_breadcrumbs, vehumet_crystals, serial_shops,
          nicolae_shop_crystal, amalloy_card_club
D:5:      lemuel_crystal_altar, temple_pool_b
D:6:      basic_altar, uniq_duvessa
D:8:      kennysheep_windowed_halls, uniq_pikel
D:9:      nicolae_ru_sacrificial_ziggurat, david_lair_generic, uniq_erica,
          uniq_prince_ribbit1
D:12:     orc_0_dummy, hangedman_stone_soup, minmay_misc_feat_chi, uniq_kirke

Action                   |  1- 3 |  4- 6 |  7- 9 | 10-12 || total
-------------------------+-------+-------+-------+-------++-------
Melee: War axe           |    49 |    35 |   106 |       ||   190
       Hand axe          |       |       |    10 |    41 ||    51
Invok: Berserk           |       |     4 |    11 |     1 ||    16
       Trog's Hand       |       |       |       |     3 ||     3
  Use: Potion            |     3 |       |       |     3 ||     6
       Scroll            |       |       |     7 |       ||     7
  Eat: Chunk             |       |     2 |    17 |     3 ||    22
       Fruit             |       |       |     1 |       ||     1
